 Dungeon Crawl Stone Soup version 0.31-a0-354-g827e0957a7 (webtiles) character file.

Game seed: 9435921071225732554

459 Locuples the Trooper (level 6, 0/90 HPs)
             Began as a Minotaur Berserker on July 24, 2023.
             Was a Believer of Trog.
             Succumbed to a killer bee's poison
             ... on level 4 of the Dungeon.
             The game lasted 00:06:19 (2219 turns).

Locuples the Trooper (Minotaur Berserker)           Turns: 2219, Time: 00:06:19

Health: 0/90       AC: 16    Str: 23    XL:     6   Next: 78%
Magic:  5/5        EV:  4    Int:  4    God:    Trog [**....]
Gold:   172        SH:  0    Dex: 16    Spells: 5/5 levels left

rFire   . . .        a - +0 hand axe
rCold   . . .        (no shield)
rNeg    . . .        n - +0 crystal plate armour
rPois   .            (helmet restricted)
rElec   .            (no cloak)
rCorr   .            (no gloves)
SInv    .            (no boots)
Will    .....        (no amulet) Stlth
                     h - +6 ring of dexterity
HPRegen 0.35/turn    (no ring)
MPRegen 0.09/turn

%: no passive effects
@: berserking, lethally poisoned (0 -> -10), very quick
A: horns 2, retaliatory headbutt
a: Renounce Religion, Berserk, Trog's Hand


You were on level 4 of the Dungeon.
You worshipped Trog.
Trog was pleased with you.
You visited 1 branch of the dungeon, and saw 4 of its levels.

You collected 172 gold pieces.

Inventory:

Hand Weapons
 a - a +0 hand axe (weapon)
Armour
 n - a +0 crystal plate armour (worn)
Jewellery
 h - a +6 ring of dexterity (left hand)
Wands
 k - a wand of charming (5)
Scrolls
 b - a scroll of silence {unknown}
 c - a scroll of vulnerability {unknown}
 d - a scroll of noise {unknown}
 e - 2 scrolls of amnesia {unknown}
 j - a scroll of teleportation {unknown}
 m - a scroll of fog {unknown}
Potions
 f - 2 potions of curing {unknown}
 g - 2 potions of enlightenment {unknown}
 i - a potion of might {unknown}


   Skills:
 * Level 7.1 Fighting
 * Level 6.2 Axes
 * Level 3.4 Armour
 + Level 2.5 Dodging


You had 5 spell levels left.
You didn't know any spells.
Your spell library was empty.

Dungeon Overview and Level Annotations

Branches:
Dungeon (4/15)
 Temple: D:4-7

Altars:


Innate Abilities, Weirdness & Mutations

You have a pair of horns on your head.
You reflexively headbutt those who attack you in melee.


Message History

The killer bee stings you.
* * * LOW HITPOINT WARNING * * *
Your Fighting skill increases to level 7!
Your Axes skill increases to level 6!
You slash Dowan!
You kill Dowan!
Trog accepts your kill.
Trog appreciates your killing of a magic user.
Duvessa screams in rage.
Duvessa goes berserk!
You barely miss the killer bee.
A killer bee comes into view.
The killer bee barely misses you.
The killer bee buzzes angrily.
The killer bee stings you but does no damage. x2
Things that are here:
a +0 dagger; a +0 robe You closely miss Duvessa.
Duvessa is severely wounded.
You hit the killer bee. Duvessa hits you with a +0 short sword.
* * * LOW HITPOINT WARNING * * *
The killer bee stings you but does no damage.
You hit Duvessa but do no damage.
Duvessa is severely wounded.
You hit the killer bee.
You kill the killer bee!
Trog accepts your kill. Duvessa barely misses you.
You hit Duvessa. You headbutt Duvessa! You punch Duvessa, but do no damage.
Duvessa is almost dead.
Duvessa hits you with a +0 short sword!
* * * LOW HITPOINT WARNING * * *
The killer bee stings you.
* * * LOW HITPOINT WARNING * * *
You are lethally poisoned!
The killer bee poisons you!
You slash Duvessa!
You kill Duvessa!
Trog accepts your kill.
You miss the killer bee.
You die...

#.#. ...
#.## #.<#
#..# #..#
#.!#
#.#†.#
#..†@#
......y)#
.........
.........#
#######..#
.... ....
.....


You could see a killer bee.

Vanquished Creatures
  Sigmund (D:2)
  Menkaure (D:4)
  Duvessa (D:4)
  Dowan (D:4)
  2 killer bees (D:4)
  Ijyb (D:3)
  5 adders
  3 worms (D:2)
  3 dart slugs
  5 endoplasms
  2 giant cockroaches
  3 goblins (D:1)
  A hobgoblin (D:1)
  3 jackals (D:3)
  A quokka (D:3)
  5 ball pythons
  8 bats
  2 frilled lizards
  8 kobolds
  5 rats
61 creatures vanquished.

Notes
Turn   | Place    | Note
-------+----------+-------------------------------------------
     0 | D:1      | Locuples the Minotaur Berserker began the quest for the
                  | Orb.
     0 | D:1      | Reached XP level 1. HP: 19/19 MP: 0/0
   166 | D:1      | Reached XP level 2. HP: 24/27 MP: 1/1
   364 | D:1      | Reached skill level 4 in Fighting
   759 | D:2      | Reached XP level 3. HP: 34/34 MP: 2/2
  1045 | D:2      | Noticed Sigmund
  1050 | D:2      | Killed Sigmund
  1051 | D:2      | Reached skill level 6 in Fighting
  1051 | D:2      | Reached skill level 5 in Axes
  1051 | D:2      | Reached XP level 4. HP: 44/44 MP: 3/3
  1051 | D:2      | Reached XP level 5. HP: 50/50 MP: 4/4
  1102 | D:2      | Reached ** piety under Trog
  1450 | D:3      | Noticed Ijyb
  1459 | D:3      | Killed Ijyb
  1553 | D:3      | Reached XP level 6. HP: 58/58 MP: 5/5
  2204 | D:4      | Noticed Menkaure
  2206 | D:4      | Noticed Dowan
  2208 | D:4      | Noticed Duvessa
  2213 | D:4      | Killed Menkaure
  2214 | D:4      | Reached skill level 7 in Fighting
  2214 | D:4      | Killed Dowan
  2218 | D:4      | HP: 1/90 [killer bee (4)]
  2219 | D:4      | Killed Duvessa
  2219 | D:4      | Succumbed to a killer bee's poison

Illustrated notes

Levels and vault maps discovered:
D:1:      dpeg_arrival_signposts, layout_basic
D:2:      layout_loops_ring, uniq_sigmund
D:3:      layout_loops_ring, minmay_gold_behind_fungi, uniq_ijyb
D:4:      layout_basic, minmay_temple_entry_large_hall, uniq_menkaure,
          uniq_duvessa, uniq_eustachio

Skill      XL: |  1  2  3  4  5  6 |
---------------+-------------------+-----
Axes           | 4 5 6 |  6.2
Fighting       | 4 6 7 |  7.1
Armour         | 3 |  3.4
Dodging        | |  2.5

Action                     |  1- 3 |  4- 6 || total
---------------------------+-------+-------++-------
  Melee: Hand axe          |    56 |    56 ||   112
         Headbutt          |     7 |     8 ||    15
         Halberd           |       |    16 ||    16
         Punch             |       |     2 ||     2
 Invoke: Berserk           |     1 |     2 ||     3
 Armour: Animal skin       |     8 |     2 ||    10
         Chain mail        |       |    27 ||    27
         Crystal plate arm |       |    27 ||    27
  Dodge: Dodged            |    31 |    37 ||    68

Table legend: (Time is in decaauts)
 A = Elapsed time spent in this place.
 B = Non-inter-level travel time spent in this place.
 C = Inter-level travel time spent in this place.
 D = Time resting spent in this place.
 E = Time spent auto-exploring this place.
 F = Levels seen in this place.
 G = Mean time per level.
                   A        B        C        D        E       F      G
               +--------+--------+--------+--------+--------+-----+--------+
         Total |   2236 |   2132 |    104 |     45 |   1555 |   4 |  559.0 |
       Dungeon |   2236 |   2132 |    104 |     45 |   1555 |   4 |  559.0 |
               +--------+--------+--------+--------+--------+-----+--------+

Top non-repeatable levels by time:
     D:3: 765 daAuts
     D:2: 734 daAuts
     D:1: 725 daAuts
     D:4: 11 daAuts
